 Dungeon Crawl Stone Soup version 0.27-a0-1184-ge86db4a01e (webtiles) character file.

Game seed: 1274289947412337528

9037 bisexualwizard the Basher (level 11, -14/68 HPs)
             Began as a Gargoyle Gladiator on May 19, 2021.
             Was a Priest of Qazlal.
             Demolished by a boulder beetle (17 damage)
             ... on level 11 of the Dungeon.
             The game lasted 00:33:12 (12314 turns).

bisexualwizard the Basher (Gargoyle Gladiator)     Turns: 12314, Time: 00:33:12

Health: -14/68     AC: 21    Str: 27    XL:     11   Next: 40%
Magic:  15/15      EV: 12    Int:  9    God:    Qazlal [***...]
Gold:   691        SH:  4    Dex: 11    Spells: 10/10 levels left

rFire    . . .     SeeInvis .   w - +1 flail (venom)
rCold    + . .     Faith    .   (no shield)
rNeg     + . .     Spirit   .   t - +4 ring mail {rC+}
rPois    ∞         Reflect  .   c - +0 helmet
rElec    +         Harm     .   f - +0 cloak
rCorr    .         Rampage  .   (no gloves)
Will     .....                  D - +0 pair of boots
Stlth    +.........             (no amulet)
HPRegen  0.21/turn              s - +4 ring of slaying
MPRegen  0.14/turn              q - +6 ring of strength

@: about to teleport, hasted, very quick
A: sickness immunity, AC +8, negative energy resistance 1, electricity
resistance, torment resistance 1, petrification resistance
a: Renounce Religion, Upheaval, Elemental Force


You were on level 11 of the Dungeon.
You worshipped Qazlal.
Qazlal was most pleased with you.
You visited 3 branches of the dungeon, and saw 13 of its levels.

You collected 958 gold pieces.
You spent 267 gold pieces at shops.

Inventory:

Hand Weapons
 p - a +0 dire flail
 w - a +1 flail of venom (weapon)
 I - a +0 morningstar
 K - a +2 whip of freezing
Missiles
 d - 10 throwing nets
 n - 27 poisoned darts (quivered)
 o - a curare-tipped dart
Armour
 c - a +0 helmet (worn)
 f - a +0 cloak (worn)
 g - a +0 leather armour of positive energy
 j - the +0 chain mail of Feasting {rElec Slay+2}
   (You bought it in a shop on level 10 of the Dungeon)

   It affects your accuracy and damage with ranged weapons and melee attacks
   (+2).
   It insulates you from electricity.
 t - a +4 ring mail of cold resistance (worn)
 D - a +0 pair of boots (worn)
Jewellery
 q - a +6 ring of strength (right hand)
 s - a +4 ring of slaying (left hand)
 x - a ring of resist corrosion
 E - a ring of wizardry
 N - a +6 ring of dexterity
Wands
 e - a wand of polymorph (18)
 B - a wand of flame (22)
Scrolls
 a - 2 scrolls of summoning
 b - a scroll of identify
 r - a scroll of fog
 u - 2 scrolls of enchant weapon {unknown}
 v - 4 scrolls of immolation
 y - a scroll of enchant armour {unknown}
 C - 2 scrolls of noise {unknown}
 H - 3 scrolls of amnesia
 L - 4 scrolls of teleportation
 Q - a scroll of fear {unknown}
Potions
 h - a potion of haste
 i - a potion of attraction
 k - 3 potions of berserk rage
 m - 3 potions of curing
 z - a potion of lignification
 A - 2 potions of cancellation
 F - 2 potions of magic
 J - a potion of might
 O - a potion of flight
 P - a potion of ambrosia
Miscellaneous
 l - a lightning rod (4/4)


   Skills:
 + Level 7.7 Fighting
 * Level 13.9 Maces & Flails
 - Level 1.7 Throwing
 - Level 4.3 Armour
 + Level 3.6 Dodging
 - Level 0.4 Stealth
 - Level 1.1 Shields
 * Level 5.4 Invocations
 + Level 0.4 Evocations


You had 10 spell levels left.
You didn't know any spells.
Your spell library contained the following spells:

 Spells                   Type           Power      Damage    Failure   Level
 Animate Skeleton         Necr           0%         N/A       52%         1
 Beastly Appendage        Tmut           0%         N/A       52%         1
 Magic Dart               Conj           0%         1d3       52%         1
 Pain                     Necr           0%         1d4       52%         1
 Shock                    Conj/Air       0%         1d3       52%         1
 Searing Ray              Conj           0%         3d3       65%         2
 Static Discharge         Conj/Air       0%         N/A       65%         2
 Wereblood                Tmut           0%         N/A       65%         2
 Dazzling Flash           Conj/Hex       0%         N/A       87%         3
 Spider Form              Tmut/Pois      0%         N/A       87%         3
 Swiftness                Air            0%         N/A       87%         3
 Vampiric Draining        Necr           0%         2d6       87%         3
 Airstrike                Air            0%         N/A       99%         4
 Animate Dead             Necr           0%         N/A       99%         4
 Fulminant Prism          Conj/Hex       0%         3d6       99%         4
 Ice Form                 Ice/Tmut       0%         N/A       99%         4
 Iskenderun's Mystic Bla  Conj/Tloc      0%         2d3       99%         4
 Agony                    Necr           0%         N/A       100%        5
 Hydra Form               Tmut           0%         N/A       100%        5
 Lightning Bolt           Conj/Air       0%         1d11      100%        5


Dungeon Overview and Level Annotations

Branches:
Dungeon (11/15)            Temple (1/1) D:5            Lair (1/6) D:11
    Orc (0/2) D:11

Altars:
Ashenzari
Cheibriados
Dithmenos
Elyvilon
Fedhas
Gozag
Hepliaklqana
Kikubaaqudgha
Makhleb
Nemelex Xobeh
Okawaru
Qazlal
Ru
Sif Muna
Trog
Uskayaw
Vehumet
Wu Jian
Xom
Yredelemnul
Zin
The Shining One

Shops:
D:5 *   D:7 ?   D:10 *   D:11 [

Annotations:
D:6 Blork the orc, Dowan, Duvessa, Menkaure, Sigmund


Innate Abilities, Weirdness & Mutations

You are immune to sickness and miasma.
Your stone body is resilient. (AC +8)
You are immune to poison.
You resist negative energy. (rN+)
You are resistant to electric shocks. (rElec)
You are resistant to unholy torment.
You are immune to petrification.


Message History

You hit the yak.
The yak is lightly wounded.
The yak gores you but does no damage. x2
You hit the yak.
The yak is poisoned.
The yak is lightly wounded.
The yak gores you!
You sock the yak!
The yak looks as sick as possible!
The yak is heavily wounded.
Your surroundings suddenly seem different.
A yak comes into view.
The yak bellows!
A yak comes into view.
The yak bellows!
You hear a bellow!
The boulder beetle leaps!
An acid dragon comes into view.
The manticore closely misses you.
The manticore claws you but does no damage. x2
Found a throwing net and a spear.
A manticore comes into view.
As you read the scroll of teleportation, it crumbles to dust.
You feel strangely unstable.
You hear a bellow!
The boulder beetle leaps!
The manticore bites you.
The manticore claws you but does no damage.
The manticore barely misses you.
The acid dragon bites you but does no damage.
You block the acid dragon's attack.
Okay, then.
You feel yourself speed up.
You hear a bellow!
The boulder beetle bites you!
* * * LOW HITPOINT WARNING * * *
The acid dragon barely misses you. x2; The manticore bites you!
* * * LOW HITPOINT WARNING * * *
The manticore claws you.
* * * LOW HITPOINT WARNING * * *
The manticore claws you but does no damage.
You hear a bellow!
The boulder beetle bites you!
You die...

####+######
#.........#
# #+##
#.......).+
.. #...
#.(.°.....#
#.#.##
#.........#
#.....
#..@......#
######.P
#.B.D.....#
#.......
#.H.○.....#
#.###..P
#....Y....#
...#.P.
#.....Y...#
#.#..P
####....###
#...P.
###..#
###... ...#
#... ..#
##..


You could see a boulder beetle, a manticore, 2 yaks and an acid dragon.

Vanquished Creatures
  Harold (D:10)
  Pikel (D:8)
  A cane toad (Lair:1)
  2 komodo dragons (Lair:1)
  An unseen horror (D:10)
  Prince Ribbit (D:6)
  10 yaks
  A vampire (D:9)
  3 wyverns
  A basilisk (Lair:1)
  An acid dragon (D:11)
  6 orc warriors
  An ice beast (D:7)
  2 sky beasts
  A black bear (D:5)
  An ogre (D:3)
  3 centaurs (D:7)
  3 phantoms
  3 kobold brigands
  A lemure (D:8)
  3 bullfrogs
  4 scorpions
  13 killer bees
  5 howler monkeys
  8 wights
  5 centaur zombies
  An orc priest (D:7)
  A centaur skeleton (D:6)
  A gnoll shaman (D:4)
  2 hounds (D:5)
  2 iguanas
  A scorpion zombie (D:5)
  Ijyb (D:4)
  2 orc wizards
  A hound zombie (D:5)
  A howler monkey zombie (D:8)
  2 adders
  7 gnolls
  2 howler monkey skeletons
  A shadow imp (D:7)
  An ufetubus (D:6)
  2 adder skeletons (D:4)
  2 worms
  2 dart slugs (D:1)
  22 orcs
  7 bats
  5 endoplasms
  3 giant cockroaches
  7 hobgoblins
  9 jackals
  21 kobolds
  A quokka (D:2)
  8 ball pythons
  A frilled lizard (D:2)
  8 goblins
  8 rats
214 creatures vanquished.

Vanquished Creatures (others)
  2 fungi
  3 plants (D:11)
5 creatures vanquished.

Grand Total: 219 creatures vanquished

Notes
Turn   | Place    | Note
-------+----------+-------------------------------------------
     0 | D:1      | bisexualwizard the Gargoyle Gladiator began the quest for
                  | the Orb.
     0 | D:1      | Reached XP level 1. HP: 12/12 MP: 1/1
   121 | D:1      | Reached XP level 2. HP: 14/17 MP: 2/2
   393 | D:1      | Reached XP level 3. HP: 20/21 MP: 3/3
   395 | D:1      | Reached skill level 4 in Maces & Flails
  1359 | D:2      | Reached XP level 4. HP: 23/26 MP: 4/4
  2132 | D:3      | Reached skill level 1 in Armour
  2738 | D:4      | Noticed an ogre
  2756 | D:3      | Killed an ogre
  2757 | D:3      | Reached skill level 5 in Maces & Flails
  2757 | D:3      | Reached XP level 5. HP: 31/31 MP: 5/5
  2938 | D:4      | Noticed Ijyb
  3019 | D:4      | Killed Ijyb
  3134 | D:4      | Found a hazy altar of Hepliaklqana.
  3212 | D:4      | Reached XP level 6. HP: 28/36 MP: 6/6
  3237 | D:4      | Reached skill level 6 in Maces & Flails
  3509 | D:5      | Entered Level 5 of the Dungeon
  3560 | D:5      | Noticed a sky beast
  3592 | D:5      | Killed a sky beast
  3979 | D:5      | Reached skill level 7 in Maces & Flails
  3979 | D:5      | Reached XP level 7. HP: 36/41 MP: 7/7
  4369 | D:5      | Found an ornate altar of the Wu Jian Council.
  4375 | D:5      | Identified a scroll of acquirement
  4375 | D:5      | Acquired 309 gold pieces
  4406 | D:5      | Found a staircase to the Ecumenical Temple.
  4427 | Temple   | Entered the Ecumenical Temple
  4544 | Temple   | Became a worshipper of Qazlal Stormbringer
  4623 | D:5      | Found Eashaicsi's Eclectic Emporium.
  4912 | D:5      | Reached skill level 8 in Maces & Flails
  5147 | D:5      | Reached XP level 8. HP: 39/48 MP: 8/8
  5283 | D:6      | Noticed Blork the orc
  5353 | D:6      | Noticed Prince Ribbit
  5368 | D:6      | Killed Prince Ribbit
  5369 | D:6      | Reached skill level 9 in Maces & Flails
  5491 | D:6      | Noticed Duvessa
  5491 | D:6      | Noticed Dowan
  5857 | D:7      | Found a glowing silver altar of Zin.
  5857 | D:7      | Noticed an angel
  5881 | D:7      | Found Lacolum's Magic Scroll Shop.
  5923 | D:7      | Reached * piety under Qazlal
  5929 | D:7      | Reached skill level 10 in Maces & Flails
  5929 | D:7      | Reached XP level 9. HP: 14/52 MP: 9/9
  6152 | D:7      | Bought a scroll of identify for 30 gold pieces
  6229 | D:7      | Reached skill level 5 in Fighting
  6609 | D:6      | Noticed Menkaure
  6609 | D:6      | Noticed Sigmund
  7226 | D:8      | Found a white marble altar of Elyvilon.
  7385 | D:8      | Found a bloodstained altar of Trog.
  7554 | D:8      | Reached skill level 1 in Invocations
  7658 | D:8      | Noticed Pikel
  7670 | D:8      | Killed Pikel
  7671 | D:8      | Reached skill level 11 in Maces & Flails
  7680 | D:8      | Reached ** piety under Qazlal
  7845 | D:8      | You fall into a shaft and drop 2 floors!
  7845 | D:10     | Entered Level 10 of the Dungeon
  7846 | D:10     | Noticed Harold
  7889 | D:10     | Killed Harold
  7890 | D:10     | Reached skill level 12 in Maces & Flails
  7890 | D:10     | Reached XP level 10. HP: 16/60 MP: 10/12
  8382 | D:8      | Found a hide-covered altar of Uskayaw.
  9739 | D:10     | Killed an unseen horror
 10021 | D:9      | Reached skill level 1 in Shields
 10341 | D:10     | Found Tuolax's Assorted Antiques.
 10350 | D:10     | Bought a slimy chain mail for 237 gold pieces
 10350 | D:10     | Identified the +0 chain mail of Feasting {rElec Slay+2}
                  | (You bought it in a shop on level 10 of the Dungeon)
 10366 | D:10     | Found a shimmering blue altar of Sif Muna.
 10369 | D:10     | Found a shimmering altar of Xom.
 10372 | D:10     | Found a basalt altar of Yredelemnul.
 10501 | D:10     | Reached skill level 13 in Maces & Flails
 11101 | D:10     | Reached XP level 11. HP: 45/67 MP: 14/14
 11220 | D:11     | Found a staircase to the Orcish Mines.
 11222 | D:11     | Found Unoanuoseq's Armour Shoppe.
 11445 | D:11     | Reached skill level 5 in Invocations
 11667 | D:11     | Reached *** piety under Qazlal
 11754 | D:11     | Found a staircase to the Lair.
 11835 | Lair:1   | Entered Level 1 of the Lair of Beasts
 12312 | D:11     | Noticed a boulder beetle
 12312 | D:11     | Noticed a manticore
 12313 | D:11     | HP: 2/68 [manticore (6)]
 12314 | D:11     | Demolished by a boulder beetle

Illustrated notes

Levels and vault maps discovered:
D:1:      dpeg_arrival_fog, layout_rooms, nrook_loot_triangle
D:2:      layout_basic, serial_glass, glass_columns_a, glass_columns_a,
          glass_columns_a, glass_columns_a, glass_columns_a, glass_columns_a,
          glass_columns_c, glass_columns_a, glass_columns_a, glass_columns_a,
          glass_columns_b, glass_columns_b, glass_columns_c, glass_columns_a,
          guppyfry_early_orc_mine
D:3:      layout_basic, grunt_ministairs_14
D:4:      layout_rooms, old_standard_altar, minmay_misc_feat_room, uniq_ijyb
D:5:      layout_loops_ring, general_overflow_altar,
          minmay_temple_entry_statues_fountains, nicolae_alphabet_shops,
          feat_on_display
D:6:      layout_cave_pools, uniq_blork_the_orc, uniq_prince_ribbit1,
          uniq_duvessa, uniq_menkaure, uniq_sigmund
D:7:      layout_basic, zin_angel, serial_shops, nicolae_shop_stone
D:8:      layout_loops_corners, nicolae_overflow_crystal_walls,
          nicolae_uskayaw_dance_studio, bloody_trog, uniq_pikel
D:9:      layout_long_grid, serial_glass, glass_columns_b, glass_columns_a,
          glass_columns_b, glass_columns_b, glass_columns_b, glass_columns_b
D:10:     layout_basic, grunt_temple_overflow_diamond, serial_shops, shop,
          uniq_harold
D:11:     layout_roguey, grunt_lair_entry_orc_guard_hut, orc_david_3,
          nicolae_trove_entry_columns, nicolae_sif_muna_condensation
Temple:   cyrus_circular_temple
Lair:1:   layout_regular_city, st_stairs_4, lemuel_fruit_fields,
          lemuel_fruit_fields

Skill      XL: |  1  2  3  4  5  6  7  8  9 10 11 |
---------------+----------------------------------+-----
Maces & Flails | 4 5 7 8 10 12 13 | 13.9
Armour         | 1 2 3 4 |  4.3
Fighting       | 3 4 6 7 |  7.7
Invocations    | 3 4 5 |  5.4
Dodging        | 3 |  3.6
Shields        | 1 |  1.1
Throwing       | |  1.7
Stealth        | |  0.4
Evocations     | |  0.4

Action                   |  1- 3 |  4- 6 |  7- 9 | 10-12 || total
-------------------------+-------+-------+-------+-------++-------
Melee: Flail             |   155 |   107 |   226 |   249 ||   737
Throw: Dart              |       |    10 |    12 |     2 ||    24
Evoke: Wand              |       |       |       |     1 ||     1
       Lightning rod     |       |       |       |     1 ||     1
  Use: Scroll            |       |     1 |    11 |     9 ||    21
       Potion            |       |     1 |     4 |     2 ||     7
Armor: Leather armour    |    83 |       |       |       ||    83
       Ring mail         |       |    35 |   102 |   132 ||   269
       Scale mail        |       |       |    53 |       ||    53
Dodge: Dodged            |   142 |    56 |   163 |   116 ||   477
Block: Other             |       |       |     7 |    37 ||    44

Table legend: (Time is in decaauts)
 A = Elapsed time spent in this place.
 B = Non-inter-level travel time spent in this place.
 C = Inter-level travel time spent in this place.
 D = Time resting spent in this place.
 E = Time spent auto-exploring this place.
 F = Levels seen in this place.
 G = Mean time per level.
                   A        B        C        D        E       F      G
               +--------+--------+--------+--------+--------+-----+--------+
         Total |  12279 |  11704 |    575 |   3590 |   6066 |  13 |  944.5 |
       Dungeon |  11754 |  11194 |    560 |   3340 |   5988 |  11 | 1068.5 |
        Temple |    132 |    117 |     15 |      0 |      0 |   1 |  132.0 |
          Lair |    391 |    391 |      0 |    250 |     78 |   1 |  391.0 |
               +--------+--------+--------+--------+--------+-----+--------+

Top non-repeatable levels by time:
    D:10: 1587 daAuts
     D:5: 1453 daAuts
     D:9: 1403 daAuts
     D:4: 1243 daAuts
     D:7: 1153 daAuts
     D:8: 1132 daAuts
     D:2: 1049 daAuts
     D:3: 1004 daAuts
     D:1: 831 daAuts
    D:11: 539 daAuts
  Lair:1: 391 daAuts
     D:6: 356 daAuts
  Temple: 132 daAuts
